AoeStats
← KaLong

Arena

508479735Analyzed
4v4 RM · 9d ago on Sep 22, 2026· 66m 21s· 8 players
Game mode
Random Map
Map size
Large (8 player)
Population
200
Speed
Normal
Resources
Standard
Victory
Conquest
Starting age
Dark Age
Ending age
Imperial Age
RankedLock teamsTeams togetherTeam positionsShared explorationLock speedFull tech treeHidden civsTurbo modeCheats
Victory
Defeat
🇭🇰 Gurjaras · Hong Kong SAR China
1592
+11
🇭🇺 Japanese · Hungary
1506
+14
🇺🇸 Danes · United States
1487
+15
🇧🇷 Khmer · Brazil
1468
+16
🇨🇳 Danes · China
1564
-18
🇨🇳 Saxons · China
1489
-15
🇨🇳 Varangians · China
1468
-14
🇨🇳 Saxons · China
1347
-9
Bl++d
9:43 Feudal Age
10:14 Double-Bit Axe
10:11 Horse Collar
12:42 Loom
15:57 Castle Age
17:29 Bow Saw
17:21 Heavy Plow
19:31 Wheelbarrow
21:48 Scale Mail Armor
23:33 Chain Mail Armor
25:40 Forging
27:13 Hand Cart
28:02 Iron Casting
31:00 Fortified Wall
34:46 Imperial Age
34:31 Gold Mining
36:11 Plate Mail Armor
36:42 Blast Furnace
36:59 Ballistics
37:19 Fletching
37:29 Padded Archer Armor
36:51 Elite Skirmisher
37:39 Thumb Ring
38:11 Bodkin Arrow
38:31 Leather Archer Armor
39:24 Chemistry
39:15 Bracer
39:59 Ring Archer Armor
40:10 Elite Samurai
46:23 Two-Man Saw
60:14 Squires
59:37 Pikeman
60:43 Halberdier
64:10 Gambesons
63:46 Man-at-Arms
64:32 Caravan
Morris=w=
10:03 Feudal Age
13:49 Castle Age
12:13 Double-Bit Axe
12:44 Horse Collar
14:52 Bow Saw
21:23 Heavy Plow
22:48 Wheelbarrow
21:58 Loom
23:00 Light Cavalry
23:53 Husbandry
24:36 Town Watch
26:19 Gold Mining
26:20 Stone Mining
29:56 Imperial Age
28:25 Ballistics
28:10 Fletching
28:21 Padded Archer Armor
28:59 Bloodlines
28:47 Bodkin Arrow
29:31 Hand Cart
30:59 Gold Shaft Mining
30:35 Kshatriyas
31:25 Bracer
32:37 Stone Shaft Mining
32:50 Scale Barding Armor
33:00 Leather Archer Armor
32:55 Forging
33:55 Conscription
32:59 Elite Elephant Archer
34:47 Chain Barding Armor
36:07 Thumb Ring
37:22 Chemistry
38:13 Plate Barding Armor
41:38 Coinage
42:13 Iron Casting
41:39 Scale Mail Armor
44:31 Chain Mail Armor
44:50 Banking
45:16 Masonry
45:47 Frontier Guards
46:25 Elite Chakram Thrower
47:38 Plate Mail Armor
49:26 Hussar
56:47 Architecture
65:14 Caravan
BruToO
10:24 Feudal Age
13:26 Castle Age
11:23 Horse Collar
11:50 Double-Bit Axe
19:11 Wheelbarrow
19:59 Bow Saw
22:15 Hand Cart
21:46 Loom
22:18 Stone Mining
22:50 Gold Mining
24:14 Husbandry
24:25 Bloodlines
27:50 Imperial Age
25:25 Town Watch
26:34 Scale Barding Armor
27:37 Gold Shaft Mining
28:02 Chain Barding Armor
28:09 Elite Battle Elephant
29:23 Tusk Swords
31:12 Plate Barding Armor
31:08 Forging
34:35 Iron Casting
36:51 Stone Shaft Mining
37:19 Blast Furnace
36:04 Elite Ballista Elephant
37:48 Siege Engineers
38:45 Chemistry
38:53 Conscription
39:23 Heavy Plow
39:17 Fletching
41:20 Blast Furnace
40:00 Light Cavalry
41:14 Crop Rotation
41:06 Double Crossbow
40:59 Light Cavalry
42:52 Masonry
44:27 Bodkin Arrow
44:53 Hussar
51:24 Capped Ram
54:39 Architecture
53:31 Siege Ram
56:49 Fortified Wall
57:59 Coinage
61:48 Hoardings
61:43 Banking
61:13 Caravan
64:14 Murder Holes
64:57 Bracer
KaLong
10:27 Feudal Age
14:38 Castle Age
12:42 Double-Bit Axe
13:48 Horse Collar
15:20 Loom
15:54 Bow Saw
21:15 Light Cavalry
22:06 Bloodlines
31:39 Heavy Plow
38:48 Wheelbarrow
41:41 Gold Mining
41:42 Stone Mining
42:09 Hand Cart
47:16 Imperial Age
45:55 Pikeman
46:53 Squires
46:38 Arson
47:26 Elite Varangian Guard
47:32 Halberdier
48:25 Onager
49:12 Siege Engineers
50:08 Chemistry
50:12 Forging
50:02 Scale Mail Armor
51:31 Iron Casting
50:19 Siege Onager
50:50 Capped Ram
53:47 Fletching
53:57 Padded Archer Armor
54:59 Blast Furnace
54:14 Siege Ram
59:40 Chain Mail Armor
61:24 Plate Mail Armor
61:23 Hamask
64:58 Conscription
养几亿
9:24 Feudal Age
13:18 Castle Age
11:40 Double-Bit Axe
12:07 Loom
16:21 Sanctity
18:42 Redemption
24:21 Town Watch
28:46 Imperial Age
28:49 Bow Saw
29:51 Block Printing
30:02 Illumination
30:12 Theocracy
29:09 Clerical Recruitment
36:26 Wheelbarrow
SOYO
10:26 Feudal Age
11:05 Double-Bit Axe
14:19 Castle Age
12:23 Horse Collar
15:23 Bow Saw
22:23 Wheelbarrow
22:13 Town Watch
22:50 Heavy Plow
24:31 Hand Cart
24:21 Gold Mining
29:39 Imperial Age
27:56 Gold Shaft Mining
27:41 Scale Mail Armor
27:51 Forging
28:46 Chain Mail Armor
29:14 Stone Mining
30:15 Iron Casting
29:51 Squires
29:36 Arson
29:37 Gambesons
29:35 Hamask
30:10 Loom
30:26 Town Patrol
31:06 Stone Shaft Mining
31:07 Plate Mail Armor
30:38 Elite Jomsviking
31:03 Elite Varangian Guard
32:47 Blast Furnace
31:39 Fletching
31:49 Padded Archer Armor
33:59 Pikeman
35:10 Bodkin Arrow
35:17 Elite Varangian Guard
36:29 Capped Ram
36:42 Northmen's Fury
37:29 Onager
38:30 Siege Engineers
38:46 Ballistics
39:26 Chemistry
38:30 Bracer
39:48 Siege Onager
40:58 Halberdier
46:53 Siege Ram
unhappy
10:24 Feudal Age
11:52 Double-Bit Axe
14:31 Castle Age
13:53 Horse Collar
15:58 Bow Saw
18:27 Loom
22:17 Wheelbarrow
22:32 Heavy Plow
25:19 Fletching
26:21 Bodkin Arrow
28:58 Imperial Age
27:15 Hand Cart
27:03 Padded Archer Armor
27:04 Loom
27:59 Thumb Ring
28:19 Leather Archer Armor
28:18 Gold Mining
29:12 Ballistics
29:46 Bracer
30:47 Chemistry
29:14 Cranequins
30:05 Pikeman
30:45 Squires
30:46 Scale Mail Armor
30:54 Husbandry
31:05 Bloodlines
31:23 Heavy Mounted Crossbowman
32:47 Crop Rotation
32:14 Halberdier
34:15 Ring Archer Armor
34:01 Chain Mail Armor
33:56 Forging
33:35 Town Watch
34:13 Conscription
34:35 Shield Wall
37:05 Plate Mail Armor
38:00 Iron Casting
37:24 Elite Hearth Troop
38:13 Arson
44:20 Two-Man Saw
45:27 Arrowslits
45:32 Guard Tower
45:36 Treadmill Crane
46:06 Masonry
48:07 Keep
49:08 Architecture
50:32 Town Patrol
52:25 Elite Varangian Guard
60:23 Capped Ram
Zilove_
10:08 Feudal Age
13:40 Castle Age
11:52 Horse Collar
14:50 Double-Bit Axe
15:57 Bow Saw
19:33 Wheelbarrow
23:33 Hand Cart
24:37 Gold Mining
28:44 Imperial Age
26:22 Scale Mail Armor
26:32 Forging
26:59 Forging
27:40 Chain Mail Armor
28:49 Loom
28:45 Pikeman
29:48 Fletching
30:34 Iron Casting
45:29 Imperial Age
44:14 Squires
46:53 Plate Mail Armor
47:09 Elite Varangian Guard
48:39 Arson
54:33 Blast Furnace
53:07 Halberdier
65:00 Heavy Plow
Connection lost

Rejoining the realm…

Still unreachable

The connection could not be restored.

Session expired

The server has moved on; the page needs a fresh start.